 Dungeon Crawl Stone Soup version 0.21.0-3-g78d12a8 (webtiles) character file.

830 taran the Conjurer (level 7, -1/42 HPs)
             Began as a Tengu Air Elementalist on Jan 12, 2018.
             Was an Initiate of Vehumet.
             Killed by divine providence
             ... invoked by an orc priest
              (13 damage)
             ... on level 6 of the Dungeon on Jan 13, 2018.
             The game lasted 00:39:57 (5942 turns).

taran the Conjurer (Tengu Air Elementalist)         Turns: 5942, Time: 00:39:59

Health: -1/42      AC:  3    Str:  8    XL:     7   Next: 97%
Magic:  5/11       EV: 16    Int: 18    God:    Vehumet [......]
Gold:   270        SH:  0    Dex: 14    Spells: 4/10 levels left

rFire    . . .     SeeInvis .   C - +1 spear (venom)
rCold    . . .     Gourm    .   (no shield)
rNeg     + . .     Faith    .   s - +0 leather armour
rPois    .         Spirit   .   (helmet restricted)
rElec    .         Reflect  .   (no cloak)
rCorr    .         Harm     .   (no gloves)
MR       .....                  (boots unavailable)
Stlth    ++........             (no amulet)
HPRegen  0.14/turn              t - ring of positive energy
MPRegen  0.12/turn              (no ring)

@: swift, flying quickly and evasively, very quick
A: beak, talons 3, able to fly 1
a: Renounce Religion


You were on level 6 of the Dungeon.
You worshipped Vehumet.
Vehumet was noncommittal.
You were very hungry.

You visited 2 branches of the dungeon, and saw 7 of its levels.

You collected 270 gold pieces.

Inventory:

Hand Weapons
 e - a +0 halberd
 x - a +0 morningstar of draining
 C - a +1 spear of venom (weapon)
Missiles
 l - 9 poisoned needles
 q - 8 tomahawks (quivered)
Armour
 s - a +0 leather armour (worn)
Jewellery
 t - a ring of positive energy (left hand)
Scrolls
 a - 2 scrolls of teleportation {unknown}
 f - 5 scrolls of blinking {unknown}
 i - 2 scrolls of enchant weapon {unknown}
 k - 2 scrolls of enchant armour {unknown}
 o - a scroll of fog {unknown}
 r - 3 scrolls of remove curse {unknown}
 u - a scroll of fear {unknown}
 v - 4 scrolls of identify {unknown}
 y - a scroll of noise {unknown}
 z - 3 scrolls of immolation {unknown}
 B - a scroll of magic mapping {unknown}
 E - a scroll of summoning {unknown}
Potions
 d - 2 potions of mutation {unknown}
 g - 2 potions of ambrosia {unknown}
 h - 2 potions of magic {unknown}
 j - 2 potions of lignification {unknown}
 m - 2 potions of resistance {unknown}
 n - a potion of flight {unknown}
 p - a potion of invisibility {unknown}
 w - a potion of brilliance {unknown}
 A - a potion of cancellation {unknown}
Books
 b - a book of Air

   Spells                             Type                      Level
   a - Shock                          Conjuration/Air              1
   b - Swiftness                      Charms/Air                   2
   c - Static Discharge               Conjuration/Air              3
   d - Airstrike                      Air                          4
   e - Lightning Bolt                 Conjuration/Air              5
Comestibles
 c - 10 rations


   Skills:
 + Level 3.6 Fighting
 - Level 1.0 Armour
 + Level 4.8 Dodging
 - Level 2.0 Stealth
 - Level 2.0 Spellcasting
 + Level 6.7 Conjurations
 + Level 6.5 Air Magic


You had 4 spell levels left.
You knew the following spells:

 Your Spells              Type           Power        Failure   Level  Hunger
a - Shock                 Conj/Air       ####         1%          1    #......
b - Static Discharge      Conj/Air       ####....     4%          3    ###....
s - Swiftness             Chrm/Air       ##......     10%         2    ###....


Dungeon Overview and Level Annotations

Branches:
Dungeon (6/15)             Temple (1/1) D:5

Altars:
Cheibriados
Dithmenos
Elyvilon
Fedhas
Gozag
Kikubaaqudgha
Makhleb
Nemelex Xobeh
Qazlal
Sif Muna
Trog
Vehumet
Xom
Yredelemnul
Zin
The Shining One

Shops:
D:5 [

Annotations:
D:2 Terence
D:3 exclusion: centaur
D:4 Thaneod's ghost, amateur GrWr


Innate Abilities, Weirdness & Mutations

You have a beak for a mouth.
You have claws for feet.
You can fly.


Message History

You hear a shout!
You take 12 damage, and have 26/42 hp.
MASSIVE DAMAGE!!
You swoop lightly up into the air.
You feel very comfortable in the air.
You feel somewhat more hungry.
The orc priest invokes the aid of Beogh against you.
Beogh smites you!
* * * LOW HITPOINT WARNING * * *
The orc misses you.
You take 10 damage, and have 16/42 hp.
MASSIVE DAMAGE!!
You now have 7/11 mp.
The orc wizard points at you and mumbles some strange words.
The magic dart hits you!
* * * LOW HITPOINT WARNING * * *
You take 4 damage, and have 12/42 hp.
Casting: Shock
Confirm with . or Enter, or press ? or * to list all spells.
You feel quick.
You are feeling very hungry.
The orc priest calls down the wrath of Beogh upon you.
Beogh smites you!
You die...

...........................
................................o
.................................
.................................
.............[...................
#................................
##...................o...........
#####..............o...o.........
..##..######....@o....o..........
##.....# ######................
#...#.# ##.#####......##.
#..###.# #.# #.###### #..# ## ###
### ####


You could see an orc priest, an orc wizard and 3 orcs.

Vanquished Creatures
  An ogre (D:4)
  2 scorpions
  A bullfrog zombie (D:5)
  A crimson imp (D:5)
  A howler monkey (D:4)
  4 orc priests
  2 hounds
  A bullfrog skeleton (D:4)
  An iguana (D:5)
  A worker ant (D:4)
  A killer bee zombie (D:5)
  7 gnolls
  7 adders
  An ooze (D:2)
  An adder skeleton (D:4)
  4 worms
  A dart slug (D:2)
  4 leopard geckos
  15 orcs
  A ball python (D:5)
  4 giant cockroaches
  4 goblins
  8 hobgoblins
  7 jackals
  4 quokkas
  12 bats
  4 frilled lizards
  A giant cockroach zombie (D:5)
  11 kobolds
  A leopard gecko skeleton (D:5)
  A quokka skeleton (D:4)
  5 rats
119 creatures vanquished.

Notes
Turn   | Place    | Note
-------+----------+-------------------------------------------
     0 | D:1      | taran the Tengu Air Elementalist began the quest for the Orb.
     0 | D:1      | Reached XP level 1. HP: 10/10 MP: 4/4
    83 | D:1      | Reached XP level 2. HP: 9/15 MP: 3/6
   435 | D:1      | Reached XP level 3. HP: 19/19 MP: 5/7
   869 | D:1      | Learned a level 3 spell: Static Discharge
   872 | D:1      | Learned a level 2 spell: Swiftness
   980 | D:2      | Reached XP level 4. HP: 24/24 MP: 8/8
  1055 | D:2      | Found a stormy altar of Qazlal.
  1251 | D:2      | Noticed Terence
  1564 | D:2      | Reached skill level 1 in Fighting
  1930 | D:2      | Found a glowing golden altar of the Shining One.
  2269 | D:3      | Found a white marble altar of Elyvilon.
  2469 | D:3      | Gained mutation: You can fly. [Tengu growth]
  2469 | D:3      | Reached XP level 5. HP: 29/29 MP: 3/9
  2617 | D:3      | Reached skill level 5 in Conjurations
  2694 | D:3      | Noticed a centaur
  3003 | D:4      | Reached skill level 1 in Armour
  3061 | D:4      | Reached skill level 5 in Air Magic
  3061 | D:4      | Reached XP level 6. HP: 35/35 MP: 5/10
  3547 | D:4      | Reached XP level 7. HP: 30/40 MP: 5/11
  4091 | D:4      | Noticed Thaneod's ghost (amateur GrWr)
  4562 | D:5      | Entered Level 5 of the Dungeon
  4578 | D:5      | Found a sparkling altar of Nemelex Xobeh.
  4578 | D:5      | Found a staircase to the Ecumenical Temple.
  4589 | Temple   | Entered the Ecumenical Temple
  4787 | Temple   | Became a worshipper of Vehumet
  5539 | D:5      | Found Wymat's Armour Emporium.
  5942 | D:6      | Killed from afar by an orc priest

Skill      XL: |  1  2  3  4  5  6  7 |
---------------+----------------------+-----
Conjurations   | 3 4 5 6 |  6.7
Fighting       | 1 2 3 |  3.6
Dodging        | 3 4 |  4.8
Armour         | 1 |  1.0
Air Magic      | 5 6 |  6.5
Stealth        | |  2.0
Spellcasting   | |  2.0

Action                   |  1- 3 |  4- 6 |  7- 9 || total
-------------------------+-------+-------+-------++-------
Melee: Halberd           |    32 |    69 |     4 ||   105
       Kick              |     2 |     5 |     4 ||    11
       Peck              |       |     4 |     2 ||     6
       Spear             |       |       |    17 ||    17
       Morningstar       |       |       |     8 ||     8
Throw: Tomahawk          |       |     1 |       ||     1
 Cast: Shock             |    35 |   106 |    63 ||   204
       Swiftness         |       |     1 |     1 ||     2
 Abil: Fly               |       |     1 |     3 ||     4
 Stab: Sleeping          |     3 |     4 |     1 ||     8
  Eat: Chunk             |     1 |    10 |     4 ||    15
       Ration            |       |       |     1 ||     1
Armor: Robe              |     6 |     2 |       ||     8
       Ring mail         |       |     3 |       ||     3
       Leather armour    |       |     7 |     7 ||    14
Dodge: Dodged            |    31 |    41 |    42 ||   114
